 Dungeon Crawl Stone Soup version 0.29.1-15-g9cfb28693d (webtiles) character file.

Game seed: 1185683574517637045

413 protoss039 the Digger (level 6, -1/46 HPs)
             Began as a Demonspawn Earth Elementalist on Mar 13, 2023.
             Slain by a gnoll
             ... wielding a +0 spear
             ... led by a gnoll bouda
              (5 damage)
             ... on level 4 of the Dungeon.
             The game lasted 00:03:58 (4377 turns).

protoss039 the Digger (DsEE)                        Turns: 4377, Time: 00:03:59

Health: -1/46      AC:  6    Str:  8    XL:     6   Next: 59%
Magic:  11/11      EV: 10    Int: 19    God:
Gold:   334        SH:  0    Dex: 13    Spells: 5/11 levels left

rFire   . . .      SeeInvis .   h - +1 dagger (drain)
rCold   + . .      Faith    .   (no shield)
rNeg    . . .      Spirit   .   p - +0 ring mail
rPois   .          Reflect  .   (no helmet)
rElec   .          Harm     .   (no cloak)
rCorr   .          Rampage  .   w - +0 pair of gloves
Will    .....                   (no boots)
Stlth   +.........              (no amulet)
HPRegen 0.15/turn               g - ring of protection from cold
MPRegen 0.12/turn               (no ring)

@: weakened
A: hooves 1, spiny 2
a: no special abilities


You were on level 4 of the Dungeon.
You visited 1 branch of the dungeon, and saw 4 of its levels.

You collected 334 gold pieces.

Inventory:

Hand Weapons
 e - a +1 dagger of speed
 h - a +1 dagger of draining (weapon)
Armour
 p - a +0 ring mail (worn)
 w - a +0 pair of gloves (worn)
Jewellery
 g - a ring of protection from cold (left hand)
Wands
 n - a wand of flame (14)
Scrolls
 c - 2 scrolls of identify
 d - a scroll of enchant armour
 j - 2 scrolls of teleportation
 k - a scroll of fear
 l - a scroll of fog
 o - a scroll of silence {unknown}
 q - a scroll of magic mapping {unknown}
 t - a scroll of poison {unknown}
 u - a scroll of immolation {unknown}
 v - a scroll of enchant weapon {unknown}
Potions
 a - a potion of berserk rage {unknown}
 b - 2 potions of magic
 f - 3 potions of curing
 i - a potion of cancellation {unknown}
 m - 2 potions of lignification
 r - a potion of invisibility
 s - a potion of degeneration {unknown}
 x - a potion of brilliance {unknown}


   Skills:
 + Level 2.8 Fighting
 * Level 2.9 Armour
 - Level 1.7 Dodging
 - Level 1.7 Stealth
 + Level 3.3 Spellcasting
 + Level 2.1 Conjurations
 - Level 0.8 Transmutations
 + Level 3.8 Earth Magic


You had 5 spell levels left.
You knew the following spells:

 Your Spells              Type           Power      Damage    Failure   Level
a - Sandblast             Erth           34%        2d9       9%          1
b - Passwall              Tmut/Erth      10%        N/A       24%         2
c - Stone Arrow           Conj/Erth      28%        3d8       36%         3

Your spell library contained the following spells:

 Spells                   Type           Power      Damage    Failure   Level
 Apportation              Tloc           6%         N/A       38%         1
 Petrify                  Tmut/Erth      12%        N/A       85%         4
 Alistair's Intoxication  Tmut/Pois      2%         N/A       100%        5


Dungeon Overview and Level Annotations

Branches:
Dungeon (4/15) Zot: 19601
 Temple: D:4-7

Altars:
Cheibriados
Vehumet

Annotations:
D:3 3 runed translucent doors, MrClown's ghost, weakling DsNe


Innate Abilities, Weirdness & Mutations

You have large cloven feet.
You are mostly covered in sharp spines.


Message History

* * * LOW HITPOINT WARNING * * *
The gnoll is struck by your spines.
You kill the gnoll!
The gnoll bouda misses you. The hobgoblin closely misses you.
You barely miss the gnoll bouda. You kick the gnoll bouda.
The gnoll bouda is heavily wounded.
The gnoll closely misses you.
The gnoll bouda gazes fiercely through you!
You feel as though you will be weak longer.
The gnoll bouda is struck by your spines.
The gnoll bouda barely misses you. The hobgoblin is struck by your spines.
The hobgoblin hits you but does no damage.
The hobgoblin attacks as you move away! The hobgoblin is struck by your spines.
You kill the hobgoblin!
The gnoll is struck by your spines. The gnoll hits you with a +0 spear.
* * * LOW HITPOINT WARNING * * *
The gnoll bouda gazes fiercely through you!
You feel as though you will be weak longer.
The gnoll bouda hits you with a +0 club.
* * * LOW HITPOINT WARNING * * *
Things that are here:
a +0 club; a gnoll corpse Unknown command.
You hit the gnoll bouda.
The gnoll bouda is almost dead.
The gnoll is no longer moving quickly.
The gnoll barely misses you.
The gnoll bouda calls upon its god to heal the gnoll.
The gnoll's wounds heal themselves!
Unknown command.
You hit the gnoll bouda.
The gnoll bouda is almost dead.
The gnoll is struck by your spines. The gnoll hits you with a +0 spear.
* * * LOW HITPOINT WARNING * * *
The gnoll bouda mumbles some strange prayers to its god.
The gnoll bouda is healed somewhat.
Unknown command.
You barely miss the gnoll bouda.
The gnoll bouda is heavily wounded.
The gnoll hits you with a +0 spear.
You die...

#..##..##...##....##..#
#. ....#....'.....##..#
#.. ...#....#..........
#.##..#....#..........
._....##.##########...
#...##'######..##...
#...................
##..†..........##..#
#.@g.#######. #..#
#g...# # #... .........
#... ............. #...
#..##....###.. ##.. #..
#....# . #.. #. #.....
#.. # #...... #.. #..


You could see a gnoll bouda (very drained) and a gnoll.

Vanquished Creatures
  An ogre (D:4)
  An orc priest (D:3)
  2 hounds (D:4)
  An orc wizard (D:3)
  3 gnolls
  7 adders
  2 ufetubi (D:4)
  A worm (D:3)
  8 dart slugs
  10 orcs
  5 bats
  4 endoplasms
  4 giant cockroaches
  5 goblins
  3 hobgoblins
  9 jackals
  7 quokkas
  9 ball pythons
  2 frilled lizards
  10 kobolds
  9 rats
103 creatures vanquished.

Notes
Turn   | Place    | Note
-------+----------+-------------------------------------------
     0 | D:1      | protoss039 the Demonspawn Earth Elementalist began the
                  | quest for the Orb.
     0 | D:1      | Reached XP level 1. HP: 13/13 MP: 3/3
    29 | D:1      | Gained mutation: You have large cloven feet. [demonic
                  | ancestry]
    29 | D:1      | Reached XP level 2. HP: 20/20 MP: 0/5
    97 | D:1      | Found a faded altar of an unknown god.
   135 | D:1      | Reached skill level 1 in Fighting
   859 | D:1      | Reached XP level 3. HP: 26/26 MP: 6/6
  1140 | D:1      | Learned a level 2 spell: Passwall
  1144 | D:1      | Learned a level 3 spell: Stone Arrow
  1571 | D:2      | Identified the +5 chain mail of the Tundras {Rampage rF++
                  | Int-2 SInv}
  1897 | D:3      | Gained mutation: You are partially covered in sharp spines.
                  | [demonic ancestry]
  1897 | D:3      | Reached XP level 4. HP: 29/33 MP: 3/8
  1899 | D:3      | Reached skill level 1 in Armour
  2009 | D:3      | Reached skill level 1 in Conjurations
  2392 | D:3      | Gained mutation: You are mostly covered in sharp spines.
                  | [demonic ancestry]
  2392 | D:3      | Reached XP level 5. HP: 13/38 MP: 3/9
  2952 | D:3      | Found a runed translucent gate.
  2952 | D:3      | Found a runed translucent gate.
  2952 | D:3      | Found a runed translucent gate.
  3131 | D:3      | Noticed MrClown's ghost (weakling DsNe)
  3562 | D:4      | Found a snail-covered altar of Cheibriados.
  3657 | D:4      | Reached XP level 6. HP: 35/46 MP: 10/10
  4363 | D:4      | Found a radiant altar of Vehumet.
  4377 | D:4      | Slain by a gnoll

Illustrated notes

Levels and vault maps discovered:
D:1:      lemuel_arrival_muddy, layout_loops_ring, ebering_ecumenical_altar_webs
D:2:      layout_rooms
D:3:      layout_loops_ring, amcnicky_altar_gilded, gammafunk_ghost_icy,
          minmay_fractal_squares_5
D:4:      layout_gridville, mainiacjoe_overflow_alcove_2, lemuel_crystal_altar

Skill      XL: |  1  2  3  4  5  6 |
---------------+-------------------+-----
Fighting       | 1 2 |  2.8
Earth Magic    | 3 |  3.8
Armour         | 1 2 |  2.9
Conjurations   | 1 2 |  2.1
Spellcasting   | 3 |  3.3
Dodging        | |  1.7
Stealth        | |  1.7
Transmutations | |  0.8

Action                   |  1- 3 |  4- 6 || total
-------------------------+-------+-------++-------
Melee: Dagger            |    59 |   101 ||   160
       Long sword        |     3 |       ||     3
       Kick              |     9 |    29 ||    38
 Cast: Sandblast         |    41 |     9 ||    50
  Use: Scroll            |     4 |     4 ||     8
 Stab: Sleeping          |     1 |       ||     1
Armor: Robe              |     8 |       ||     8
       Leather armour    |    20 |       ||    20
       Ring mail         |     9 |    35 ||    44
Dodge: Dodged            |    66 |    47 ||   113
